 Dungeon Crawl Stone Soup version 0.28-a0-1002-gf00fe891ef (webtiles) character file.

Game seed: 3198495519715718422

54 ytrimaz the Insei (level 3, 0/23 HPs)
             Began as an Octopode Transmuter on Dec 6, 2021.
             Slain by an iguana (12 damage)
             ... on level 3 of the Dungeon.
             The game lasted 00:02:16 (2527 turns).

ytrimaz the Insei (Octopode Transmuter)             Turns: 2527, Time: 00:02:17

Health: 0/23       AC:  1    Str:  9    XL:     3   Next: 91%
Magic:  4/6        EV: 13    Int: 17    God:
Gold:   79         SH:  0    Dex: 12    Spells: 2/6 levels left

rFire   + . .      SeeInvis .     - Unarmed
rCold   . . .      Faith    .   (no shield)
rNeg    . . .      Spirit   .   (helmet currently unavailable)
rPois   .          Reflect  .   (no amulet)
rElec   .          Harm     .   a - ring of protection from fire
rCorr   .          Rampage  .   (no ring)
Will    .....                   (no ring)
Stlth   ++........              (no ring)
HPRegen 0.07/turn               (no ring)
MPRegen 0.10/turn               (no ring)
                                (no ring)
                                (no ring)

@: appendages, very slightly contaminated
A: tentacle spike 3, almost no armour, amphibious, 8 rings, camouflage 1,
gelatinous body 1, (nimble swimmer 1), tentacles
a: End Transformation


You were on level 3 of the Dungeon.
One of your tentacles had grown a beastly spike.
You visited 1 branch of the dungeon, and saw 3 of its levels.

You collected 79 gold pieces.

Inventory:

Jewellery
 a - a ring of protection from fire (left tentacle)
Scrolls
 c - a scroll of magic mapping
 d - a scroll of amnesia
 e - a scroll of brand weapon
Potions
 b - 2 potions of heal wounds {unknown}


   Skills:
 - Level 1.1 Fighting
 - Level 2.0 Dodging
 + Level 3.8 Unarmed Combat
 - Level 2.1 Spellcasting
 * Level 3.1 Transmutations


You had 2 spell levels left.
You knew the following spells:

 Your Spells              Type           Power      Damage    Failure   Level
a - Beastly Appendage     Tmut           24%        N/A       5%          1
b - Spider Form           Tmut/Pois      7%         N/A       30%         3

Your spell library contained the following spells:

 Spells                   Type           Power      Damage    Failure   Level
 Wereblood                Tmut           12%        N/A       9%          2
 Freeze                   Ice            4%         1d3       19%         1
 Scorch                   Fire           2%         2d5       28%         2
 Frozen Ramparts          Ice            2%         1d2       50%         3
 Gell's Gravitas          Tloc           1%         N/A       50%         3
 Lesser Beckoning         Tloc           1%         N/A       50%         3
 Teleport Other           Tloc           1%         N/A       50%         3
 Ice Form                 Ice/Tmut       7%         N/A       71%         4
 Flame Wave               Conj/Fire      1%         2d4       88%         4
 Hailstorm                Conj/Ice       1%         3d3       88%         4
 Summon Cactus Giant      Summ           0%         N/A       100%        6


Dungeon Overview and Level Annotations

Branches:
Dungeon (3/15)

Altars:
The Shining One


Innate Abilities, Weirdness & Mutations

One of your tentacles has grown a beastly spike.
You cannot wear most types of armour.
You are amphibious.
You can wear up to eight rings at the same time.
Your skin changes colour to match your surroundings (Stealth+).
Your rubbery body absorbs attacks. (AC +1, EV +1)
((You are camouflaged near water. (Stealth+)))
You have tentacles for arms and can constrict up to eight enemies at once.


Message History

Magic restored.
Your tentacle spike disappears.
HP restored.
You open the door.
There is an open door here.
You open the door.
There is an open door here.
Key pressed, stopping explore.
No target in view!
A kobold comes into view. It is wielding a +0 dagger.
Found a spear.
A kobold is nearby!
A kobold is nearby!
A kobold is nearby!
You tentacle-slap the kobold.
You kill the kobold!
No target in view!
No target in view!
b - 2 fuming blue potions (gained 1)
You see here a +0 dagger.
Found a glowing golden altar of the Shining One.
You now have 79 gold pieces (gained 7).
An iguana comes into view.
An iguana is nearby!
An iguana is nearby!
An iguana is nearby!
You miscast Beastly Appendage.
You are very lightly contaminated with residual magic.
Nothing appears to happen.
One of your tentacles grows a vicious spike.
The iguana hisses angrily.
The iguana barely misses you. The iguana bites you!
You barely miss the iguana. You grab the iguana.
You pierce the iguana.
You tentacle-slap the iguana, but do no damage.
The iguana is moderately wounded.
You constrict the iguana, but do no damage.
The iguana bites you!
Ouch! That really hurt!
You die...

##....## #....##
##.....#
#....### #...##
####
##.######..#####
#.............#
######........#
#...@....#
#...l....#
#........#
#........#
#........#
+........#
#........#
..#.......


You could see an iguana.

Vanquished Creatures
  An adder (D:2)
  A worm (D:2)
  2 dart slugs
  3 ball pythons
  3 endoplasms (D:1)
  5 goblins
  6 hobgoblins
  3 jackals (D:2)
  A quokka (D:1)
  A bat (D:1)
  2 frilled lizards (D:2)
  5 kobolds
  2 rats
35 creatures vanquished.

Notes
Turn   | Place    | Note
-------+----------+-------------------------------------------
     0 | D:1      | ytrimaz the Octopode Transmuter began the quest for the
                  | Orb.
     0 | D:1      | Reached XP level 1. HP: 13/13 MP: 3/3
   296 | D:1      | Reached XP level 2. HP: 13/18 MP: 3/5
  1402 | D:2      | Reached XP level 3. HP: 17/23 MP: 6/6
  1468 | D:2      | Learned a level 3 spell: Spider Form
  1731 | D:2      | Found a faded altar of an unknown god.
  2494 | D:3      | Found a glowing golden altar of the Shining One.
  2527 | D:3      | Slain by an iguana

Illustrated notes

Levels and vault maps discovered:
D:1:      dpeg_arrival_round_a, layout_rooms
D:2:      layout_basic, nicolae_ecumenical_oubliette
D:3:      layout_basic, nicolae_tso_carved_into_rock, uniq_crazy_yiuf_cottage

Skill      XL: |  1  2  3 |
---------------+----------+-----
Transmutations | 3 |  3.1
Fighting       | |  1.1
Dodging        | |  2.0
Unarmed Combat | |  3.8
Spellcasting   | |  2.1

Action                   || total
-------------------------++-------
Melee: Unarmed           ||    86
       Constrict         ||    24
       Kick              ||    11
       Tentacles         ||    12
       Punch             ||     2
 Cast: Beastly Appendage ||    19
       Spider Form       ||     1
  Use: Scroll            ||     3
       Potion            ||     1
 Stab: Sleeping          ||     5
Armor: Skin              ||     5
Dodge: Dodged            ||    40

Table legend: (Time is in decaauts)
 A = Elapsed time spent in this place.
 B = Non-inter-level travel time spent in this place.
 C = Inter-level travel time spent in this place.
 D = Time resting spent in this place.
 E = Time spent auto-exploring this place.
 F = Levels seen in this place.
 G = Mean time per level.
                   A        B        C        D        E       F      G
               +--------+--------+--------+--------+--------+-----+--------+
         Total |   2520 |   2487 |     33 |    124 |   2046 |   3 |  840.0 |
       Dungeon |   2520 |   2487 |     33 |    124 |   2046 |   3 |  840.0 |
               +--------+--------+--------+--------+--------+-----+--------+

Top non-repeatable levels by time:
     D:1: 1359 daAuts
     D:2: 980 daAuts
     D:3: 180 daAuts
